 Dungeon Crawl Stone Soup version 0.29.1-2-gbd0b4ee654 (webtiles) character file.

Game seed: 3779785737345358744

724 kingsuperguy the Cutter (level 7, -6/61 HPs)
             Began as a Minotaur Berserker on Nov 16, 2022.
             Was a Believer of Trog.
             Mangled by an orc warrior
             ... wielding a +1 war axe of venom
              (15 damage)
             ... on level 4 of the Dungeon.
             The game lasted 00:06:29 (3855 turns).

kingsuperguy the Cutter (Minotaur Berserker)        Turns: 3855, Time: 00:06:30

Health: -6/61      AC: 28    Str: 21    XL:     7   Next: 43%
Magic:  6/6        EV:  8    Int:  4    God:    Trog [**....]
Gold:   177        SH:  0    Dex: 12    Spells: 6/6 levels left

rFire   + . .      SeeInvis .   g - +2 short sword (venom)
rCold   + . .      Faith    .   (no shield)
rNeg    . . .      Spirit   .   x - +18 Lear's hauberk
rPois   +          Reflect  .   (helmet currently unavailable)
rElec   +          Harm     .   C - +0 cloak
rCorr   +          Rampage  .   (gloves currently unavailable)
Will    ++...                   (boots currently unavailable)
Stlth   ..........              (no amulet)
HPRegen 1.20/turn               (no ring)
MPRegen 0.10/turn               (no ring)

@: lethally poisoned (-6 -> -8), resistant, strong-willed, regenerating
A: horns 2, retaliatory headbutt
a: Renounce Religion, Berserk, Trog's Hand


You were on level 4 of the Dungeon.
You worshipped Trog.
Trog was pleased with you.
You visited 1 branch of the dungeon, and saw 4 of its levels.

You collected 177 gold pieces.

Inventory:

Hand Weapons
 a - a +0 falchion
 g - a +2 short sword of venom (weapon)
 j - a +0 glaive
 p - a +2 scythe of pain
 B - a +1 dagger of flaming
 G - a +1 trident of freezing
Missiles
 f - 45 stones (quivered)
 z - 5 poisoned darts
Armour
 b - a +0 animal skin
 x - the +18 Lear's hauberk (worn)
   (You found it on level 3 of the Dungeon)
 C - a +0 cloak (worn)
Magical Staves
 c - a staff of earth
 m - a staff of death
Jewellery
 F - a ring of protection from fire
Wands
 n - a wand of polymorph (9)
 o - a wand of digging (5)
 q - a wand of flame (5)
Scrolls
 d - 3 scrolls of teleportation {unknown}
 e - 5 scrolls of identify {unknown}
 r - a scroll of magic mapping {unknown}
 u - 2 scrolls of fog {unknown}
 w - 2 scrolls of fear {unknown}
 y - a scroll of enchant weapon {unknown}
 A - 2 scrolls of blinking {unknown}
 E - a scroll of poison {unknown}
Potions
 h - 3 potions of curing {unknown}
 i - a potion of mutation {unknown}
 k - a potion of cancellation {unknown}
 l - 2 potions of flight {unknown}
 s - a potion of haste
 t - a potion of heal wounds {unknown}
 v - a potion of resistance
 D - a potion of degeneration {unknown}


   Skills:
 + Level 5.5 Fighting
 * Level 5.6(6.5) Short Blades
 + Level 5.4(6.7) Long Blades
 + Level 3.2 Armour
 + Level 3.4 Dodging
 + Level 2.0 Stealth


You had 6 spell levels left.
You didn't know any spells.
Your spell library was empty.

Dungeon Overview and Level Annotations

Branches:
Dungeon (4/15)
 Temple: D:4-7

Altars:
Okawaru

Shops:
D:1 *::


Innate Abilities, Weirdness & Mutations

You have a pair of horns on your head.
You reflexively headbutt those who attack you in melee.


Message History

The orc warrior hits you with a +1 war axe of venom.
You are more poisoned.
You hit the orc warrior but do no damage.
The orc warrior looks as sick as possible!
The orc warrior is moderately wounded.
You feel very sick.
The orc warrior hits you but does no damage.
You are more poisoned.
You hit the orc warrior but do no damage.
The orc warrior looks as sick as possible!
The orc warrior is moderately wounded.
You feel very sick.
You feel very sick.
Items here: )) [ †.
You feel very sick.
You feel very sick.
The orc warrior attacks as you move away!
The orc warrior closely misses you.
You feel sick.
Okay, then.
The orc warrior attacks as you move away!
The orc warrior hits you with a +1 war axe of venom.
* * * LOW HITPOINT WARNING * * *
You are lethally poisoned!
* * * LOW HITPOINT WARNING * * *
You feel very sick.
It was a potion of resistance.
You feel protected.
* * * LOW HITPOINT WARNING * * *
You feel very sick. The orc warrior barely misses you.
Your skin crawls.
You feel strong-willed.
You feel very sick. The orc warrior misses you.
You hit the orc warrior but do no damage.
The orc warrior looks as sick as possible!
The orc warrior is severely wounded.
You feel sick.
The orc warrior hits you with a +1 war axe of venom!
You die...

...........# #..#...........#
....##.###.## #..#.....###.###
.......##...# #........###.#
....#####...# #............#
....# #...# ###..###.###..# .#..#
#...# #..#......#...
....#####)..###### #..#..........
.#.#.............###).#.##.....##
................@o..).#.# #.####
.###.............##...).#.### .#
#####....#.#####..##.#.. .#
#....#.# #..##...( .# #....# #
#.....#.# .# #....# #.##..#.!.
.#######....# #.##..# .#8
.......#..... #.....# # .
.#####.# ####..# #.


You could see an orc warrior (extremely poisoned).

Vanquished Creatures
  Sigmund (D:2)
  A black bear (D:4)
  A phantom (D:4)
  A necrophage (D:4)
  A howler monkey (D:3)
  An orc priest (D:4)
  A hound (D:4)
  An iguana (D:4)
  An orc wizard (D:4)
  Natasha (thrice) (D:2)
  The ghost of kingsuperguy the Trooper, a weakling MiMo (D:3)
  3 adders (D:3)
  3 dart slugs
  2 worms
  4 orcs
  9 ball pythons
  2 bats
  7 endoplasms
  3 giant cockroaches
  5 goblins
  7 hobgoblins
  3 kobolds (D:1)
  A quokka (D:1)
  3 frilled lizards (D:1)
  8 rats
73 creatures vanquished.

Notes
Turn   | Place    | Note
-------+----------+-------------------------------------------
     0 | D:1      | kingsuperguy the Minotaur Berserker began the quest for the
                  | Orb.
     0 | D:1      | Reached XP level 1. HP: 19/19 MP: 0/0
   202 | D:1      | Reached XP level 2. HP: 24/27 MP: 1/1
   736 | D:1      | Found Tohiu's Book Shop.
   839 | D:1      | Reached ** piety under Trog
   956 | D:1      | Found Tiazxu's Book Shop.
   959 | D:1      | Reached XP level 3. HP: 27/33 MP: 2/2
  1074 | D:1      | Found Tuoxt's Assorted Antiques.
  1456 | D:2      | Noticed Natasha
  1460 | D:2      | Killed Natasha
  1461 | D:2      | Reached skill level 1 in Short Blades
  1503 | D:2      | Found a faded altar of an unknown god.
  1547 | D:2      | Noticed Natasha
  1554 | D:2      | Killed Natasha
  1555 | D:2      | Reached XP level 4. HP: 41/41 MP: 3/3
  1623 | D:2      | Noticed Sigmund
  1626 | D:2      | Killed Sigmund
  1627 | D:2      | Reached skill level 5 in Long Blades
  1627 | D:2      | Reached XP level 5. HP: 47/47 MP: 4/4
  1646 | D:2      | Noticed Natasha
  1661 | D:2      | Killed Natasha
  1662 | D:2      | Reached skill level 1 in Stealth
  1662 | D:2      | Reached XP level 6. HP: 27/55 MP: 5/5
  2017 | D:2      | You fall into a shaft and drop 1 floor!
  2539 | D:3      | Reached skill level 5 in Fighting
  2582 | D:3      | Found the +18 Lear's hauberk
  2865 | D:3      | Found a runed translucent door.
  2865 | D:3      | Noticed kingsuperguy's ghost (weakling MiMo)
  3158 | D:3      | Found a runed translucent door.
  3189 | D:3      | Killed kingsuperguy's ghost
  3402 | D:4      | Reached XP level 7. HP: 61/61 MP: 6/6
  3499 | D:4      | Found an iron altar of Okawaru.
  3653 | D:4      | Reached skill level 5 in Short Blades
  3855 | D:4      | Mangled by an orc warrior

Illustrated notes

Levels and vault maps discovered:
D:1:      grunt_arrival_crossed_arrows, layout_basic, serial_shops, shop,
          nicolae_square_shop, shop, chequers_decorated_corner, eino_curves_02,
          minmay_hexomino_f4
D:2:      layout_basic, ebering_ecumenical_altar_box, uniq_sigmund, uniq_natasha
D:3:      layout_loops_corners, ebering_ghost_sewer_f
D:4:      layout_loops_cross, lemuel_crystal_altar, guppyfry_early_orc_mine

Skill      XL: |  1  2  3  4  5  6  7 |
---------------+----------------------+-----
Long Blades    | 4 5 |  5.4
Fighting       | 4 5 |  5.5
Short Blades   | 1 3 4 5 |  5.6
Dodging        | 3 |  3.4
Stealth        | 1 2 |  2.0
Armour         | 3 |  3.2

Action                   |  1- 3 |  4- 6 |  7- 9 || total
-------------------------+-------+-------+-------++-------
Melee: Falchion          |    43 |       |       ||    43
       Headbutt          |    12 |    10 |    16 ||    38
       Punch             |     1 |       |       ||     1
       Short sword       |    43 |    84 |    51 ||   178
Invok: Berserk           |     2 |     2 |     1 ||     5
       Trog's Hand       |       |     1 |     1 ||     2
  Use: Potion            |       |       |     1 ||     1
 Stab: Sleeping          |     1 |     1 |       ||     2
Armor: Animal skin       |    13 |     3 |       ||    16
       Chain mail        |       |    55 |    30 ||    85
Dodge: Dodged            |    46 |    31 |    23 ||   100
